 Dungeon Crawl Stone Soup version 0.28-a0-750-g7c675f85b1 (webtiles) character file.

Game seed: 14403985426030652635

11576 Leszczynek the Severer (level 12, -13/97 HPs)
             Began as a Human Gladiator on Oct 29, 2021.
             Was an Elder of the Shining One.
             Mangled by an orc knight (14 damage)
             ... on level 1 of the Orcish Mines.
             The game lasted 00:40:58 (6168 turns).

Leszczynek the Severer (Human Gladiator)            Turns: 6168, Time: 00:40:59

Health: -13/97     AC: 12    Str: 19    XL:     12   Next: 9%
Magic:  14/15      EV: 11    Int:  9    God:    the Shining One [****..]
Gold:   477        SH:  8    Dex: 17    Spells: 11/11 levels left

rFire   . . .      SeeInvis .   a - +0 war axe
rCold   . . .      Faith    .   (no shield)
rNeg    + + .      Spirit   .   h - +2 scale mail {rPois}
rPois   +          Reflect  .   c - +0 helmet
rElec   .          Harm     .   u - +0 cloak
rCorr   .          Rampage  .   (no gloves)
Will    +....                   n - +1 pair of boots
Stlth   ..........              d - amulet "Acoudiawk" {Regen+ Dex+2}
HPRegen 1.26/turn               G - ring of willpower
MPRegen 0.14/turn               (no ring)

@: divinely shielded, glowing
A: no striking features
a: Renounce Religion, Divine Shield, Cleansing Flame


You were on level 1 of the Orcish Mines.
You worshipped the Shining One.
The Shining One was greatly pleased with you.
You visited 3 branches of the dungeon, and saw 12 of its levels.
You also visited: Ossuary.

You collected 1077 gold pieces.
You spent 600 gold pieces at shops.

Inventory:

Hand Weapons
 a - a +0 war axe (weapon)
 b - a +0 arbalest
 t - a +0 great sword
 w - a +3 broad axe
 x - a +2 battleaxe
Missiles
 g - 94 arrows
 j - 7 poisoned darts
 q - 58 sling bullets
 s - a curare-tipped dart
 D - 2 atropa-tipped darts (quivered)
 H - 5 boomerangs
Armour
 c - a +0 helmet (worn)
 h - a +2 scale mail of poison resistance (worn)
 i - a +0 kite shield
 n - a +1 pair of boots (worn)
 u - a +0 cloak (worn)
Jewellery
 d - the amulet "Acoudiawk" (around neck) {Regen+ Dex+2}
   (You acquired it on level 8 of the Dungeon)

   [amulet of regeneration]

   Dex:       It affects your dexterity (+2).
   Regen:     It increases your rate of health regeneration.
 z - a ring of fire
 G - a ring of willpower (left hand)
 I - a ring of ice
Wands
 e - a wand of digging (4)
 k - a wand of mindburst (3)
 E - a wand of polymorph (16)
Scrolls
 m - a scroll of blinking
 o - a scroll of vulnerability {!r}
 p - a scroll of summoning
 r - a scroll of amnesia
 v - 2 scrolls of teleportation
 B - a scroll of fog
 C - a scroll of immolation {!r}
Potions
 f - 2 potions of might
 l - 4 potions of mutation {!q}
 A - 2 potions of brilliance
 F - 2 potions of heal wounds {@q2}
Miscellaneous
 y - a box of beasts


   Skills:
 + Level 10.1 Fighting
 - Level 15.1 Axes
 - Level 2.0 Throwing
 + Level 3.5 Dodging
 - Level 4.0 Invocations


You had 11 spell levels left.
You didn't know any spells.
Your spell library contained the following spells:

 Spells                   Type           Power      Damage    Failure   Level
 Ensorcelled Hibernation  Hex/Ice        0%         N/A       89%         2
 Spider Form              Tmut/Pois      0%         N/A       98%         3


Dungeon Overview and Level Annotations

Branches:
Dungeon (9/15)             Temple (1/1) D:4             Orc (2/2) D:9
    Elf (0/3) Orc:2       Ossuary (visited)
   Lair: D:8-11

Altars:
Ashenzari
Cheibriados
Dithmenos
Elyvilon
Gozag
Hepliaklqana
Kikubaaqudgha
Makhleb
Nemelex Xobeh
Qazlal
Ru
Sif Muna
Trog
Uskayaw
Vehumet
Wu Jian
Xom
Yredelemnul
Zin
The Shining One
Beogh

Shops:
D:5 =   D:6 *   D:7 ?   D:9 ?


Message History

The orc priest hits you but does no damage.
You barely miss the orc knight.
The orc knight is lightly wounded.
The orc knight roars a battlecry!
The orc priest goes into a battle-frenzy!
You barely miss the orc knight.
The orc knight is lightly wounded.
The orc priest barely misses you.
The orc knight hits you with a +1 battleaxe of freezing.
The orc knight freezes you.
The orc knight hits you with a +1 battleaxe of freezing!
The orc knight freezes you.
There is a stone staircase leading up, spattered with blood here.
You hit the orc knight.
The orc knight is lightly wounded.
The orc priest closely misses you. The orc knight completely misses you.
The orc priest closely misses you. You block the orc knight's attack.
You climb upwards.
There is a stone staircase leading down, spattered with blood here.
You hit the orc knight.
The orc knight is lightly wounded.
You hit the orc knight.
The orc knight is moderately wounded.
The orc knight hits you with a +1 battleaxe of freezing.
The orc knight freezes you.
You hit the orc knight but do no damage.
The orc knight is moderately wounded.
You block the orc knight's attack.
You barely miss the orc knight.
The orc knight is moderately wounded.
You hit the orc knight but do no damage.
The orc knight is moderately wounded.
The orc knight hits you with a +1 battleaxe of freezing!!
The orc knight freezes you!
You barely miss the orc knight.
The orc knight is moderately wounded.
The orc knight hits you with a +1 battleaxe of freezing!!
* * * LOW HITPOINT WARNING * * *
The orc knight freezes you!
You die...

### ### ## ####.## ##.#
##.###.....# #..##
#...#.[[o.## ##...##
##....[@[..###.#....#
#......[[...#.##...### #
##.........##...."....###
##................#....#..
#...._..###......##.#...##
##.....[###.......).......
#......##[.......[......#
###....#.......<[[......#
#.........#.)))[.....##


You could see an orc knight.

Vanquished Creatures
  Fannar (Orc:2)
  Erica (Orc:1)
  A two-headed ogre (D:9)
  3 orc high priests
  3 orc knights
  An orc sorcerer (Orc:2)
  A cyclops (D:9)
  A wyvern (D:8)
  A steam dragon (D:9)
  2 wargs
  An acid dragon (D:8)
  24 orc warriors
  A sky beast (D:7)
  A necrophage (D:4)
  2 ogres
  A centaur (D:8)
  A phantom (D:3)
  A kobold brigand (D:8)
  2 elf zombies (Ossuary)
  2 bullfrogs (D:8)
  A wyvern zombie (D:7)
  4 scorpions
  A water moccasin zombie (D:4)
  2 water moccasin skeletons
  5 wights
  2 centaur zombies
  4 human zombies
  21 orc priests
  2 hounds
  2 jellies
  A gnoll shaman (D:9)
  2 bullfrog skeletons
  2 iguanas
  A scorpion zombie (D:4)
  11 orc wizards
  A killer bee zombie (D:8)
  3 hound zombies
  A hound skeleton (D:4)
  7 mummies
  3 gnolls (D:9)
  An adder (D:4)
  3 ufetubi
  2 adder zombies (D:4)
  2 worms (D:3)
  5 dart slugs
  69 orcs
  6 ball pythons
  6 endoplasms
  A gnoll zombie (Ossuary)
  2 goblins
  3 hobgoblins
  A quokka (D:4)
  2 frilled lizards
  2 jackal zombies (Ossuary)
  9 kobolds
  A kobold zombie (Ossuary)
  4 rats
  2 rat zombies (Ossuary)
248 creatures vanquished.

Notes
Turn   | Place    | Note
-------+----------+-------------------------------------------
     0 | D:1      | Leszczynek the Human Gladiator began the quest for the Orb.
     0 | D:1      | Reached XP level 1. HP: 16/16 MP: 1/1
    42 | D:1      | Reached XP level 2. HP: 12/22 MP: 2/2
   147 | D:1      | +2 rPois scale mail
   254 | D:2      | +0 lajatang of speed
   254 | D:2      | i don't think i want it
   442 | D:3      | You fall into a shaft and drop 3 floors!
   443 | D:6      | XD
   445 | D:5      | Entered Level 5 of the Dungeon
   466 | D:5      | Reached skill level 4 in Axes
   466 | D:5      | Reached XP level 3. HP: 26/27 MP: 3/3
   488 | D:5      | Noticed a scorpion
   519 | D:5      | Found Pihu's Jewellery Shop.
   614 | D:4      | Found a staircase to the Ecumenical Temple.
   625 | Temple   | Entered the Ecumenical Temple
   626 | Temple   | hmm
   630 | Temple   | Became a worshipper of the Shining One
   754 | D:4      | HP: 5/27 [mummy (8)]
   917 | D:3      | Reached XP level 4. HP: 11/33 MP: 4/4
  1142 | D:3      | Reached skill level 5 in Axes
  1262 | D:2      | Reached XP level 5. HP: 30/38 MP: 5/5
  1439 | D:3      | Noticed a phantom
  1449 | D:3      | Killed a phantom
  1449 | D:3      | Reached * piety under the Shining One
  1450 | D:3      | Reached skill level 6 in Axes
  1450 | D:3      | Reached XP level 6. HP: 29/44 MP: 6/6
  1553 | D:4      | Found an ancient bone altar of Kikubaaqudgha.
  1642 | D:4      | Reached skill level 7 in Axes
  1676 | D:4      | Reached XP level 7. HP: 21/50 MP: 7/7
  1840 | D:4      | Found a basalt altar of Yredelemnul.
  1862 | D:4      | Reached ** piety under the Shining One
  2044 | D:4      | Reached skill level 3 in Fighting
  2133 | D:5      | Reached skill level 8 in Axes
  2171 | D:4      | Reached skill level 4 in Fighting
  2171 | D:4      | Reached XP level 8. HP: 37/61 MP: 8/8
  2218 | D:5      | Reached skill level 5 in Fighting
  2298 | D:6      | Found Noid's Gadget Gallery.
  2357 | D:6      | Found an ornate altar of the Wu Jian Council.
  2357 | D:6      | Found a shimmering blue altar of Sif Muna.
  2358 | D:6      | Found a stormy altar of Qazlal.
  2430 | D:5      | Found a burning altar of Makhleb.
  2445 | D:5      | Reached skill level 6 in Fighting
  2462 | D:5      | Noticed a two-headed ogre
  2760 | D:7      | Reached skill level 1 in Invocations
  2760 | D:7      | Found Ugiynot's Magic Scroll Boutique.
  2768 | D:7      | Bought a scroll of identify for 20 gold pieces
  2768 | D:7      | Bought a scroll of teleportation for 30 gold pieces
  2768 | D:7      | Bought a scroll of fog for 20 gold pieces
  2800 | D:7      | Reached *** piety under the Shining One
  2805 | D:7      | Reached skill level 7 in Fighting
  2824 | D:7      | HP: 11/67 [wyvern zombie (11)]
  2832 | D:7      | HP: 8/67 [wyvern zombie (5)]
  2836 | D:7      | Reached skill level 2 in Invocations
  2836 | D:7      | Reached XP level 9. HP: 23/72 MP: 8/10
  2970 | D:8      | Reached skill level 3 in Invocations
  3058 | D:8      | Reached skill level 4 in Invocations
  3098 | D:8      | Reached skill level 9 in Axes
  3144 | D:8      | Found a sand-covered staircase.
  3154 | Ossuary  | Entered an ossuary
  3252 | Ossuary  | Reached **** piety under the Shining One
  3415 | D:8      | Found a shimmering altar of Xom.
  3420 | D:8      | Reached skill level 8 in Fighting
  3441 | D:8      | Identified a scroll of acquirement
  3443 | D:8      | Acquired the amulet "Acoudiawk" {Regen+ Dex+2}
  3445 | D:8      | the other option was +6 elec lajtang
  3514 | D:8      | Found a broken altar of Ashenzari.
  3514 | D:8      | Found a radiant altar of Vehumet.
  3612 | D:9      | Found a staircase to the Orcish Mines.
  3614 | D:9      | Found Qolizues's Magic Scroll Shoppe.
  3743 | D:9      | Noticed a two-headed ogre
  3766 | D:9      | Killed a two-headed ogre
  3767 | D:9      | Reached skill level 10 in Axes
  3767 | D:9      | Reached XP level 10. HP: 49/82 MP: 11/13
  3821 | Orc:1    | Entered Level 1 of the Orcish Mines
  3821 | Orc:1    | Noticed a cyclops
  3843 | D:9      | Killed a cyclops
  3844 | D:9      | Reached skill level 11 in Axes
  3963 | Orc:1    | Reached skill level 9 in Fighting
  3983 | Orc:1    | Noticed Erica
  3999 | Orc:1    | Killed Erica
  4008 | Orc:1    | Found a shimmering altar of Xom.
  4136 | D:5      | Bought a ring of willpower for 350 gold pieces
  4285 | Orc:2    | Entered Level 2 of the Orcish Mines
  4417 | Orc:2    | Found a staircase to the Elven Halls.
  4432 | Orc:1    | Noticed an orc sorcerer
  4432 | Orc:1    | Noticed Fannar
  4448 | Orc:2    | Killed an orc sorcerer
  4449 | Orc:2    | Reached skill level 12 in Axes
  4449 | Orc:2    | Reached XP level 11. HP: 68/90 MP: 11/14
  4538 | Orc:2    | Noticed an orc knight
  4570 | Orc:2    | Noticed an orc high priest
  4585 | Orc:2    | Killed an orc high priest
  4586 | Orc:2    | Reached skill level 10 in Fighting
  4660 | Orc:2    | Reached skill level 13 in Axes
  4683 | Orc:2    | Noticed an orc high priest
  4719 | Orc:2    | Killed an orc high priest
  4740 | Orc:2    | Noticed an orc knight
  4977 | Orc:1    | Killed an orc knight
  5032 | D:6      | Bought a wand of digging (5) for 180 gold pieces
  5301 | Orc:1    | Reached skill level 14 in Axes
  5538 | Orc:2    | Killed Fannar
  5540 | Orc:2    | Killed an orc knight
  5643 | Orc:2    | Reached ***** piety under the Shining One
  5665 | Orc:2    | Noticed an orc high priest
  5667 | Orc:2    | Noticed an orc knight
  5689 | Orc:2    | HP: 11/90 [orc warrior (10)]
  5755 | Orc:1    | Killed an orc high priest
  5982 | Orc:1    | Killed an orc knight
  5983 | Orc:1    | Reached skill level 15 in Axes
  5983 | Orc:1    | Reached XP level 12. HP: 69/97 MP: 15/15
  6168 | Orc:1    | HP: 1/97 [orc knight (31)]
  6168 | Orc:1    | Mangled by an orc knight

Illustrated notes #####.# #.# #.....### #.# #.###...##########.######## #...'>....)...............# #..##...##########....†...# #..##...# ##############..## #..##...###................. #............# #######.... #..........@.# #.... ##...........# #.... .............# #.... ####..........# #.... #..........# #.... ###...###### #.... #...# #.... #... ##### Turn 147 on D:1: +2 rPois scale mail #.# #.. #.# #.############### #.#.............# #.#.#######.....# #.#.# #.....# #.#.#######...@.# #.........#.....# #####.#####.#.....# ...##.#...#.##....### ##.##.#...#.##...... ##.##.#...#.##....## #.........#.#.....# #..##.#...#.....#.# #..##.#...+.....# Turn 254 on D:2: +0 lajatang of speed ##### ...## # ##...## ...##.....###.. #.............o #..@..# ......<........ #.####...####.. ..... ....... ......... ##l......#. ##.....##Z. Turn 443 on D:6: XD ○.○○☼○○.○○☼☼○○. ☼○○○○☼○○☼○○☼○☼☼ .☼..○.○○☼.○○○○○ ☼☼._._..._._○○. ○○○..........○○ ○☼○_......._○☼. ☼○☼.........○○○ ☼○○_...@....○○. ○☼○.........○○○ ☼○._........○○○ ○○○.........○○○ .☼☼_._..._..○☼. .○○.○○○○.○○○○☼○ ☼☼○○○○○○☼○○○○○. ○.○.○○○○○○☼.☼.○ Turn 626 on Temple: hmm

..............###.....#
...#.. .......
###....## ...... ....#
#.#.#...# ..# .....
...#.#...... ..#
#.....#.##.###.... .##
#... #.#...###### ....
###...##......# .....
.......#......# ..##..
.......@......# .... .
.........##....... ....
.#..............## ....
.........##.....# ...
.#........#...###
#..... #...#.........
#...... #...#........[.
....... ..#........
.......


Turn 3445 on D:8: the other option was +6 elec lajtang

Levels and vault maps discovered:
D:1:      tarquinn_simple_flora_water_f, layout_basic,
          shapermc_ecumenical_altar_mp_vishouse
D:2:      layout_basic
D:3:      layout_basic
D:4:      layout_loops_cross, lemuel_mausoleum_altar_yredelemnul,
          overflow_temple_1_default, minmay_temple_entry_antechambers
D:5:      layout_basic, lemuel_crystal_altar, serial_shops,
          nicolae_shop_behind_doors, kennysheep_cross_bottleneck
D:6:      layout_loops_ring, chequers_temple_overflow_statue_of_worship,
          nicolae_shop_gadgets
D:7:      layout_basic, serial_shops, shop_scrolls, shop_fountains,
          nicolae_shop_stone, chequers_serial_rivers_large_b,
          roderic_cross_of_infinity
D:8:      layout_cave_pools, gammafunk_temple_overflow_wave,
          fedhas_altar_decomposition, mainiacjoe_overflow_tiny_flanked,
          gup_ossuary_entry_pyramid
D:9:      layout_long_grid, orc_0_dummy, serial_shops, shop_scrolls,
          minmay_misc_feat_hallway, minivault_25_ag,
          chequers_serial_rivers_room_b
Temple:   minmay_freezing_vapour_temple
Orc:1:    layout_diamond_mine, basic_altar, uniq_erica, uniq_fannar
Orc:2:    st_orc_pillars, layout_caves, basic_altar

Skill      XL: |  1  2  3  4  5  6  7  8  9 10 11 |
---------------+----------------------------------+-----
Axes           | 4 5 6 7 8 10 12 15 | 15.1
Fighting       | 4 7 8 9 10 | 10.1
Invocations    | 2 4 |  4.0
Throwing       | |  2.0
Dodging        | |  3.5

Action                   |  1- 3 |  4- 6 |  7- 9 | 10-12 || total
-------------------------+-------+-------+-------+-------++-------
Melee: War axe           |    62 |    95 |   270 |   217 ||   644
       Battleaxe         |       |       |       |   167 ||   167
Throw: Dart              |       |    17 |     8 |     2 ||    27
       Throwing net      |       |     3 |     2 |       ||     5
Invok: Divine Shield     |       |       |     5 |    11 ||    16
Evoke: Wand              |       |       |     7 |     4 ||    11
  Use: Scroll            |       |       |    17 |     6 ||    23
       Potion            |       |       |     4 |     5 ||     9
 Stab: Sleeping          |     1 |       |       |       ||     1
Armor: Leather armour    |     2 |       |       |       ||     2
       Scale mail        |    13 |    33 |   134 |   106 ||   286
Dodge: Dodged            |    34 |    44 |   170 |   187 ||   435
Block: Other             |       |       |    40 |    35 ||    75

Table legend: (Time is in decaauts)
 A = Elapsed time spent in this place.
 B = Non-inter-level travel time spent in this place.
 C = Inter-level travel time spent in this place.
 D = Time resting spent in this place.
 E = Time spent auto-exploring this place.
 F = Levels seen in this place.
 G = Mean time per level.
                   A        B        C        D        E       F      G
               +--------+--------+--------+--------+--------+-----+--------+
         Total |   6484 |   5988 |    496 |     66 |      0 |  13 |  498.8 |
       Dungeon |   4472 |   4048 |    424 |     66 |      0 |   9 |  496.9 |
        Temple |     10 |     10 |      0 |      0 |      0 |   1 |   10.0 |
  Orcish Mines |   1830 |   1758 |     72 |      0 |      0 |   2 |  915.0 |
       Ossuary |    170 |    170 |      0 |      0 |      0 |   1 |  170.0 |
               +--------+--------+--------+--------+--------+-----+--------+

Top non-repeatable levels by time:
   Orc:1: 1054 daAuts
     D:4: 980 daAuts
   Orc:2: 776 daAuts
     D:7: 582 daAuts
     D:8: 552 daAuts
     D:3: 511 daAuts
     D:2: 481 daAuts
     D:5: 420 daAuts
     D:9: 401 daAuts
     D:6: 316 daAuts
     D:1: 225 daAuts
 Ossuary: 170 daAuts
  Temple: 10 daAuts
